 Dungeon Crawl Stone Soup version 0.29-a0-551-gffc1d7fb78 (webtiles) character file.

Game seed: 15361919049952333933

44 greena the Covered (level 3, 0/29 HPs)
             Began as a Human Fighter on June 5, 2022.
             Was a Follower of Okawaru.
             Frozen to death by an endoplasm (5 damage)
             ... on level 1 of the Dungeon.
             The game lasted 00:04:08 (920 turns).

greena the Covered (Human Fighter)                   Turns: 920, Time: 00:04:09

Health: 0/29       AC:  6    Str: 18    XL:     3   Next: 85%
Magic:  3/3        EV:  9    Int:  8    God:    Okawaru [*.....]
Gold:   18         SH:  4    Dex: 12    Spells: 2/2 levels left

rFire   . . .      SeeInvis .   a - +0 trident
rCold   . . .      Faith    .   c - +0 buckler
rNeg    . . .      Spirit   .   b - +0 scale mail
rPois   .          Reflect  .   (no helmet)
rElec   .          Harm     .   (no cloak)
rCorr   .          Rampage  .   (no gloves)
Will    .....                   (no boots)
Stlth   ..........              (no amulet)
HPRegen 0.09/turn               (no ring)
MPRegen 0.08/turn               (no ring)

@: no status effects
A: no striking features
a: Renounce Religion, Heroism


You were on level 1 of the Dungeon.
You worshipped Okawaru.
Okawaru was aware of your devotion.
You visited 1 branch of the dungeon, and saw 1 of its levels.

You collected 18 gold pieces.

Inventory:

Hand Weapons
 a - a +0 trident (weapon)
Missiles
 f - 9 poisoned darts (quivered)
Armour
 b - a +0 scale mail (worn)
 c - a +0 buckler (worn)
Scrolls
 e - a scroll of summoning {unknown}
Potions
 d - a potion of might


   Skills:
 + Level 3.2 Fighting
 + Level 2.4 Polearms
 + Level 3.6 Armour
 + Level 0.8 Dodging
 + Level 3.1 Shields


You had 2 spell levels left.
You didn't know any spells.
Your spell library contained the following spells:

 Spells                   Type           Power      Damage    Failure   Level
 Magic Dart               Conj           0%         1d3       87%         1
 Mephitic Cloud           Conj/Pois/Air  0%         N/A       99%         3
 Call Imp                 Summ           Unusable   N/A       N/A         2

Dungeon Overview and Level Annotations

Branches:
Dungeon (1/15)

Altars:
Okawaru


Message History

You are frozen.
You puncture the frilled lizard!
You kill the frilled lizard!
Okawaru accepts your kill. The endoplasm barely misses you.
You hit the goblin.
You kill the goblin!
Okawaru accepts your kill. The endoplasm barely misses you.
You closely miss the goblin.
The endoplasm hits you but does no damage.
The goblin hits you but does no damage.
You hit the goblin.
The goblin is moderately wounded.
You block the endoplasm's attack. The goblin hits you with a +0 dagger.
The goblin hits you but does no damage. The endoplasm closely misses you.
You barely miss the goblin.
The goblin is moderately wounded.
The goblin hits you but does no damage. You block the endoplasm's attack.
You closely miss the goblin.
The goblin is moderately wounded.
The endoplasm hits you but does no damage.
You block the goblin's attack.
You closely miss the goblin.
The goblin is moderately wounded.
The endoplasm freezes you.
You are frozen.
* * * LOW HITPOINT WARNING * * *
The goblin hits you with a +0 dagger.
* * * LOW HITPOINT WARNING * * *
The goblin attacks as you move away! The goblin barely misses you.
The endoplasm attacks as you move away!
The endoplasm hits you but does no damage.
The endoplasm attacks as you move away! The endoplasm hits you.
* * * LOW HITPOINT WARNING * * *
The goblin attacks as you move away! The goblin completely misses you.
You hit the endoplasm but do no damage. The endoplasm freezes you.
You are frozen.
You die...

#...# #.>.### #..... .
#....####.... #...[.)......
#..g.##...... #### #..r.#
..... ##...# #.Jg## ....
... ##.....###@####......
... #.......##........ ..
.... #.......#..######. (
.... #..........# ....
##........## ###..#
#.......### ##...#
#.......# ##..# #.......#
#.†######
##.....###########.#.......


You could see an endoplasm, a quokka, a hobgoblin and a goblin.

Vanquished Creatures
  A gnoll (D:1)
  A dart slug (D:1)
  A bat (D:1)
  2 endoplasms (D:1)
  3 goblins (D:1)
  4 hobgoblins (D:1)
  7 jackals (D:1)
  A quokka (D:1)
  A ball python (D:1)
  3 frilled lizards (D:1)
  2 kobolds (D:1)
  3 rats (D:1)
29 creatures vanquished.

Notes
Turn   | Place    | Note
-------+----------+-------------------------------------------
     0 | D:1      | greena the Human Fighter began the quest for the Orb.
     0 | D:1      | Reached XP level 1. HP: 18/18 MP: 1/1
    10 | D:1      | Found a faded altar of an unknown god.
    27 | D:1      | Reached XP level 2. HP: 6/24 MP: 2/2
   277 | D:1      | Prayed at the altar of an unknown god.
   277 | D:1      | Became a worshipper of Warmaster Okawaru
   277 | D:1      | Reached * piety under Okawaru
   576 | D:1      | Reached XP level 3. HP: 24/29 MP: 3/3
   920 | D:1      | Frozen to death by an endoplasm

Illustrated notes

Levels and vault maps discovered:
D:1:      lightli_arrival_lavapool, layout_rooms,
          ebering_ecumenical_altar_sacrificial, chequers_serial_rivers_micro_b,
          minmay_misc_feat_square, minmay_hexomino_u4

Action                   || total
-------------------------++-------
Melee: Trident           ||   107
Armor: Scale mail        ||    55
Dodge: Dodged            ||    59
Block: Buckler           ||    30

Table legend: (Time is in decaauts)
 A = Elapsed time spent in this place.
 B = Non-inter-level travel time spent in this place.
 C = Inter-level travel time spent in this place.
 D = Time resting spent in this place.
 E = Time spent auto-exploring this place.
 F = Levels seen in this place.
 G = Mean time per level.
                   A        B        C        D        E       F      G
               +--------+--------+--------+--------+--------+-----+--------+
         Total |    945 |    945 |      0 |    589 |    112 |   1 |  945.0 |
       Dungeon |    945 |    945 |      0 |    589 |    112 |   1 |  945.0 |
               +--------+--------+--------+--------+--------+-----+--------+

Top non-repeatable levels by time:
     D:1: 945 daAuts
